AoeStats
← The1AndOnlyKarl

Black Forest

504266299Analyzed
1v1 RM · 28d ago on Sep 4, 2026· 57m 11s· 2 players
Game mode
Random Map
Map size
Tiny (2 player)
Population
200
Speed
Normal
Resources
Standard
Victory
Conquest
Starting age
Dark Age
Ending age
Imperial Age
RankedLock teamsTeams togetherTeam positionsShared explorationLock speedFull tech treeHidden civsTurbo modeCheats
Victory
Defeat
🇩🇪 Khmer · Germany
802
+17
🇧🇷 Khmer · Brazil
786
-15
LucasOliveira98
7:06 Loom
10:22 Feudal Age
11:07 Double-Bit Axe
15:41 Horse Collar
20:52 Castle Age
19:03 Stone Mining
19:49 Gold Mining
24:54 Bow Saw
25:28 Wheelbarrow
24:28 Light Cavalry
27:57 Gold Shaft Mining
32:59 Imperial Age
32:02 Heavy Plow
33:14 Forging
33:17 Scale Barding Armor
35:06 Iron Casting
35:45 Hand Cart
35:17 Town Watch
35:06 Heavy Scorpion
36:15 Bloodlines
37:21 Chain Barding Armor
37:58 Hussar
38:42 Husbandry
39:35 Town Patrol
40:08 Crop Rotation
41:08 Blast Furnace
43:24 Chemistry
43:13 Plate Barding Armor
43:42 Ballistics
45:34 Onager
50:14 Heated Shot
The1AndOnlyKarl
1:08 Loom
12:16 Feudal Age
13:32 Wheelbarrow
16:33 Castle Age
14:52 Double-Bit Axe
14:50 Horse Collar
16:17 Stone Mining
22:51 Heavy Plow
23:10 Bow Saw
25:50 Hand Cart
29:16 Imperial Age
26:33 Town Watch
28:22 Fortified Wall
29:15 Scale Barding Armor
29:21 Forging
29:01 Fletching
29:10 Murder Holes
29:26 Masonry
31:10 Ballistics
31:54 Chemistry
31:25 Architecture
33:01 Chain Barding Armor
33:16 Iron Casting
32:37 Bodkin Arrow
33:06 Chain Barding Armor
33:22 Iron Casting
32:45 Murder Holes
34:55 Crop Rotation
34:21 Gold Mining
35:07 Stone Shaft Mining
36:06 Bracer
36:42 Plate Barding Armor
37:08 Blast Furnace
36:41 Light Cavalry
37:31 Bloodlines
37:22 Husbandry
39:01 Siege Engineers
38:19 Elite Ballista Elephant
39:21 Conscription
40:25 Double Crossbow
41:01 Hoardings
40:00 Hussar
50:36 Gold Shaft Mining
53:17 Town Patrol
Connection lost

Rejoining the realm…

Still unreachable

The connection could not be restored.

Session expired

The server has moved on; the page needs a fresh start.